 Dungeon Crawl Stone Soup version 0.31-b1-20-g67cafac56d (webtiles) character file.

Game seed: 9234734193120448748

161 NamelessAdventurer the Ruffian (level 5, -9/52 HPs)
             Began as a Troll Monk on Jan 17, 2024.
             Was a Believer of Cheibriados.
             Mangled by an ogre
             ... wielding a +0 giant club
              (19 damage)
             ... on level 4 of the Dungeon on Jan 18, 2024.
             The game lasted 00:05:53 (2245 turns).

NamelessAdventurer the Ruffian (Troll Monk)         Turns: 2245, Time: 00:05:54

Health: -9/52      AC:  4    Str: 25    XL:     5   Next: 19%
Magic:  4/4        EV: 11    Int: 14    God:    Cheibriados [**....]
Gold:   128        SH:  0    Dex: 18    Spells: 3/4 levels left

rFire   . .          .
                       - Unarmed
rCold   . . .        c - orb {light}
rNeg    . . .        a - +0 robe
rPois   .            (helmet restricted)
rElec   .            (no cloak)
rCorr   .            (gloves unavailable)
SInv    .            (boots unavailable)
Will    .....        (no amulet)
Stlth   +            (no ring)
HPRegen 1.08/turn    (no ring)
MPRegen 0.09/turn

%: no passive effects
@: glowing, very slow
A: large, unfitting armour, claws 3, regeneration 1, shaggy fur 1, tough skin 1
a: Renounce Religion, Bend Time


You were on level 4 of the Dungeon.
You worshipped Cheibriados.
Cheibriados was pleased with you.
You visited 1 branch of the dungeon, and saw 4 of its levels.

You collected 128 gold pieces.

Inventory:

Armour
 a - a +0 robe (worn)
 c - an orb of light (worn)
Talismans
 e - a serpent talisman
Scrolls
 d - a scroll of immolation
 j - a scroll of noise
 k - a scroll of teleportation
 n - a scroll of enchant weapon
Potions
 b - a potion of ambrosia
 f - a potion of attraction
 g - 2 potions of lignification
 h - a potion of cancellation
 i - a potion of heal wounds {unknown}
 l - a potion of curing {unknown}
 m - 2 potions of might {unknown}


   Skills:
 * Level 2.9 Fighting
 * Level 0.5 Armour
 * Level 3.1 Dodging
 * Level 0.6 Stealth
 * Level 4.1 Unarmed Combat
 * Level 0.3 Spellcasting
 * Level 0.4 Conjurations
 * Level 0.4 Fire Magic
 * Level 0.5 Shapeshifting


You had 3 spell levels left.
You knew the following spells:

 Your Spells              Type           Power      Damage    Failure   Level
a - Foxfire               Conj/Fire      4%         2x1d4     24%         1

Your spell library contained the following spells:

 Spells                   Type           Power      Damage    Failure   Level
 Plasma Beam              Fire/Air       0%         2x1d10    100%        6
 Starburst                Conj/Fire      0%         6d3       100%        6


Dungeon Overview and Level Annotations

Branches:
Dungeon (4/15)
 Temple: D:4-7

Altars:
Cheibriados
Ru
Vehumet


Innate Abilities, Weirdness & Mutations

You are too large for most types of armour.
You have claws for hands.
Your natural rate of healing is unusually fast.
You are covered in fur. (AC +1)
You have tough skin. (AC +1)


Message History

You scratch the bombardier beetle.
The bombardier beetle is lightly wounded.
The liquid fire burns you! The bombardier beetle misses you.
You completely miss the bombardier beetle.
The bombardier beetle is lightly wounded.
The liquid fire burns you!
You claw the bombardier beetle!
The bombardier beetle is severely wounded.
The liquid fire burns you!
The bombardier beetle sprays incendiary fluid at you.
The burning spray hits you.
You are even more covered in liquid fire!
You claw the bombardier beetle!
You kill the bombardier beetle!
The liquid fire burns you!
You have reached level 5!
You shake off some of the fire as you move.
The liquid fire burns you!
You shake off some of the fire as you move.
The liquid fire burns you!
You shake off the liquid fire.
An ogre comes into view. It is wielding a +0 giant club.
Found a hand axe.
The ogre shouts!
The ogre hits you with a +0 giant club!!
Ouch! That really hurt!
* * * LOW HITPOINT WARNING * * *
You hear a shout! x2
You scratch the ogre.
The ogre is lightly wounded.
Okay, then.
Okay, then.
Okay, then.
You fail to use your ability.
The ogre barely misses you.
A hobgoblin comes into view.
A kobold comes into view. It is wielding a +0 club.
You fail to use your ability.
The ogre hits you with a +0 giant club!!
You die...

########## #..).....#
#........# #........#
#........#
###....O...####
.......@.....K.
#########........###.
#.....# #.........g..
#.###.###........##..
#...†............# .
#.#####.#############
#...................#
######.############.#
#.# #######.#


You could see an ogre, a hobgoblin and a kobold.

Vanquished Creatures
  A bombardier beetle (D:4)
  An iguana (D:4)
  3 adders
  3 ribbon worms
  6 orcs (D:3)
  11 ball pythons
  9 bats
  6 endoplasms
  3 giant cockroaches
  2 goblins (D:1)
  3 hobgoblins
  3 jackals (D:3)
  6 kobolds
  7 rats
64 creatures vanquished.

Notes
Turn   | Place    | Note
-------+----------+-------------------------------------------
     0 | D:1      | NamelessAdventurer the Troll Monk began the quest for the
                  | Orb.
     0 | D:1      | Reached XP level 1. HP: 22/22 MP: 0/0
   104 | D:1      | Reached XP level 2. HP: 29/29 MP: 1/1
   183 | D:2      | Learned a level 1 spell: Foxfire
   428 | D:2      | Reached XP level 3. HP: 36/36 MP: 2/2
   556 | D:3      | Found a snail-covered altar of Cheibriados.
   566 | D:3      | Became a worshipper of Cheibriados the Contemplative
   566 | D:3      | Reached * piety under Cheibriados
   566 | D:3      | Reached ** piety under Cheibriados
   615 | D:3      | Found a sacrificial altar of Ru.
   932 | D:3      | Found a radiant altar of Vehumet.
   995 | D:3      | Reached XP level 4. HP: 44/44 MP: 3/3
  1020 | D:3      | Found a glowing drain.
  2201 | D:4      | Reached skill level 4 in Unarmed Combat
  2231 | D:4      | Reached XP level 5. HP: 28/52 MP: 4/4
  2240 | D:4      | Noticed an ogre
  2245 | D:4      | Mangled by an ogre

Illustrated notes

Levels and vault maps discovered:
D:1:      dpeg_arrival_three_same_balls, layout_rooms,
          chequers_serial_rivers_marsh
D:2:      layout_loops_corners, minmay_tiny_reverse_x
D:3:      layout_basic, slow_altar_2, mainiacjoe_overflow_tiny_flanked,
          vehumet_crystals, portal_sewer_entry_b
D:4:      layout_basic, kennysheep_little_box, uniq_crazy_yiuf_cottage

Skill      XL: |  1  2  3  4 |
---------------+-------------+-----
Dodging        | 3 |  3.1
Unarmed Combat | 4 |  4.1
Fighting       | |  2.9
Armour         | |  0.5
Stealth        | |  0.6
Spellcasting   | |  0.3
Conjurations   | |  0.4
Fire Magic     | |  0.4
Shapeshifting  | |  0.5

Action                     |  1- 3 |  4- 6 || total
---------------------------+-------+-------++-------
  Melee: Unarmed           |    68 |    46 ||   114
    Use: Scroll            |     5 |     2 ||     7
 Armour: Robe              |    58 |    67 ||   125
  Dodge: Dodged            |    52 |    61 ||   113
